 Dungeon Crawl Stone Soup version 0.31-a0-489-g282fc92437 (webtiles) character file.

Game seed: 4489063700709209650

11 Ethylacetat the Chiller (level 2, -3/18 HPs)
             Began as an Octopode Ice Elementalist on Aug 8, 2023.
             Slain by a worm (8 damage)
             ... on level 2 of the Dungeon.
             The game lasted 00:01:12 (893 turns).

Ethylacetat the Chiller (Octopode Ice Elementalist)  Turns: 893, Time: 00:01:13

Health: -3/18      AC:  1    Str:  7    XL:     2   Next: 25%
Magic:  2/5        EV: 13    Int: 17    God:
Gold:   31         SH:  0    Dex: 12    Spells: 4/5 levels left

rFire   . . .        (no weapon)
rCold   . . .        (no shield)
rNeg    . . .        (helmet restricted)
rPois   .            (no amulet)
rElec   .            (no ring)
rCorr   .            (no ring)
SInv    .            (no ring)
Will    .....        (no ring)
Stlth   +++          (no ring)
HPRegen 0.23/turn    (no ring)
MPRegen 0.09/turn    (no ring)
                     (no ring)

%: no passive effects
@: no status effects
A: almost no armour, amphibious, 8 rings, camouflage 1, gelatinous body 1,
(nimble swimmer 1), tentacles
a: no special abilities


You were on level 2 of the Dungeon.
You visited 1 branch of the dungeon, and saw 2 of its levels.

You collected 31 gold pieces.

Inventory:

Missiles
 h - a throwing net
Scrolls
 b - 2 scrolls of identify {unknown}
 e - a scroll of fear {unknown}
 f - a scroll of fog {unknown}
 g - a scroll of teleportation {unknown}
 i - a scroll of enchant weapon {unknown}
Potions
 a - a potion of magic
 c - a potion of brilliance {unknown}
 d - a potion of enlightenment {unknown}


   Skills:
 + Level 0.8 Fighting
 - Level 2.0 Dodging
 - Level 2.6 Stealth
 + Level 2.2 Spellcasting
 + Level 4.1 Ice Magic


You had 4 spell levels left.
You knew the following spells:

 Your Spells              Type           Power      Damage    Failure   Level
a - Freeze                Ice            64%        1d7       3%          1

Your spell library contained the following spells:

 Spells                   Type           Power      Damage    Failure   Level
 Frozen Ramparts          Ice            32%        1d5       11%         3
 Ozocubu's Armour         Ice            16%        N/A       11%         3
 Sting                    Tmut/Pois      4%         1d3       19%         1
 Poisonous Vapours        Pois/Air       2%         N/A       28%         2
 Summon Ice Beast         Ice/Summ       9%         N/A       63%         4
 Olgreb's Toxic Radiance  Pois           1%         N/A       88%         4


Dungeon Overview and Level Annotations

Branches:
Dungeon (2/15)

Altars:

Shops:
D:1 (


Innate Abilities, Weirdness & Mutations

You cannot wear most types of armour.
You are amphibious.
You can wear up to eight rings at the same time.
Your skin changes colour to match your surroundings (Stealth+).
Your rubbery body absorbs attacks. (AC +1, EV +1)
((You are camouflaged when in or above water. (Stealth+)))
You have tentacles for arms and can constrict up to eight enemies at once.


Message History

The goblin is severely wounded.
You constrict the goblin.
You kill the goblin!
Casting: Freeze (safe; 3% risk of failure)
Confirm with . or Enter, or press ? or * to list all spells.
Okay, then.
i - a scroll labelled QERCHO EGUKHA
Things that are here:
a +0 club; a goblin corpse
Casting: Freeze (safe; 3% risk of failure)
Confirm with . or Enter, or press ? or * to list all spells.
Aiming: Freeze (safe; 3% risk of failure)
Press: ? - help, Shift-Dir - straight line, f - worm
Aim: a worm You freeze the worm.
The worm is lightly wounded.
The ball python barely misses you. The ball python closely misses you.
The worm bites you!
Ouch! That really hurt!
The ball python bites you. The ball python barely misses you.
Casting: Freeze (safe; 3% risk of failure)
Confirm with . or Enter, or press ? or * to list all spells.
Aiming: Freeze (safe; 3% risk of failure)
Press: ? - help, Shift-Dir - straight line, f/p - worm
Aim: a worm (lightly wounded)
You freeze the worm!
The worm is heavily wounded.
The ball python bites you.
* * * LOW HITPOINT WARNING * * *
The ball python barely misses you.
Casting: Freeze (safe; 3% risk of failure)
Confirm with . or Enter, or press ? or * to list all spells.
Aiming: Freeze (safe; 3% risk of failure)
Press: ? - help, Shift-Dir - straight line, f/p - worm
Aim: a worm (heavily wounded)
You freeze the worm!
The worm is almost dead.
The ball python barely misses you. The ball python closely misses you.
The worm bites you!
You die...

.##..........#
.##.......)..######
.#...........'.....
.#...........######
.$....#.......#...
....).#.#####.#'########
......#.# #...........
#.....#.# #..)........
#.....#.# #...@w......
#.....#.# #....S......
#.....# #...........
#.....# #...........
#...... #.....$.....
#...........
#...........
#.#####.....


You could see a worm and a ball python.

Vanquished Creatures
  A giant cockroach (D:1)
  3 goblins
  2 kobolds (D:2)
  A quokka (D:1)
  A ball python (D:1)
  2 frilled lizards
10 creatures vanquished.

Notes
Turn   | Place    | Note
-------+----------+-------------------------------------------
     0 | D:1      | Ethylacetat the Octopode Ice Elementalist began the quest
                  | for the Orb.
     0 | D:1      | Reached XP level 1. HP: 11/11 MP: 3/3
   404 | D:1      | Found a faded altar of an unknown god.
   416 | D:1      | Found Otogipt's Weapon Shop.
   717 | D:2      | Reached XP level 2. HP: 11/18 MP: 1/5
   893 | D:2      | Slain by a worm

Illustrated notes

Levels and vault maps discovered:
D:1:      dpeg_arrival_circle_labyrinth_c, layout_rooms, serial_shops, shop,
          serial_glass, glass_columns_a, glass_columns_a,
          ebering_ecumenical_altar_sacrificial, nicolae_kite_square_tiling_tiny,
          chequers_serial_rivers_marsh
D:2:      layout_basic, st_stairs_10, kennysheep_boxes

Action                     || total
---------------------------++-------
  Melee: Unarmed           ||    26
         Constrict         ||     7
         Tentacles         ||     2
   Cast: Freeze            ||     8
   Stab: Sleeping          ||     3
 Armour: Skin              ||     4
  Dodge: Dodged            ||    24

Table legend: (Time is in decaauts)
 A = Elapsed time spent in this place.
 B = Non-inter-level travel time spent in this place.
 C = Inter-level travel time spent in this place.
 D = Time resting spent in this place.
 E = Time spent auto-exploring this place.
 F = Levels seen in this place.
 G = Mean time per level.
                   A        B        C        D        E       F      G
               +--------+--------+--------+--------+--------+-----+--------+
         Total |    892 |    822 |     70 |      0 |    715 |   2 |  446.0 |
       Dungeon |    892 |    822 |     70 |      0 |    715 |   2 |  446.0 |
               +--------+--------+--------+--------+--------+-----+--------+

Top non-repeatable levels by time:
     D:1: 706 daAuts
     D:2: 186 daAuts
